 Dungeon Crawl Stone Soup version 0.32-a0-43-g058985b245 (webtiles) character file.

Game seed: 7196765062257887056

324 Sobieck the Cudgeller (level 6, -2/62 HPs)
             Began as an Oni Berserker on Feb 4, 2024.
             Was a Believer of Trog.
             Slain by a hobgoblin
             ... wielding a +0 war axe
              (4 damage)
             ... on level 4 of the Dungeon.
             The game lasted 00:08:02 (3686 turns).

Sobieck the Cudgeller (Oni Berserker)               Turns: 3686, Time: 00:08:02

Health: -2/62      AC:  3    Str: 24    XL:     6   Next: 48%
Magic:  6/6        EV:  5    Int:  8    God:    Trog [**....]
Gold:   175        SH:  0    Dex:  8    Spells: 5/5 levels left

rFire   . . .        D - +0 giant club
rCold   + . .        (shield currently unavailable)
rNeg    . . .        b - +0 animal skin
rPois   +            g - +0 hat
rElec   .            (no cloak)
rCorr   .            (gloves unavailable)
SInv    .            (boots unavailable)
Will    .....        t - amulet of reflection
Stlth   +            r - ring of poison resistance
HPRegen 0.30/turn    z - ring of protection from cold
MPRegen 0.10/turn

%: reflection
@: on berserk cooldown, held, slowed, very slow
A: large, unfitting armour, horns 1, tough skin 1, double potion healing,
drunken brawling
a: Renounce Religion, Berserk, Trog's Hand


You were on level 4 of the Dungeon.
You worshipped Trog.
Trog was pleased with you.
You visited 1 branch of the dungeon, and saw 4 of its levels.

You collected 175 gold pieces.

Inventory:

Hand Weapons
 a - a +0 mace
 C - a +0 flail
 D - a +0 giant club (weapon)
Missiles
 f - 17 stones
 u - 6 javelins
 v - 7 poisoned darts (quivered)
Armour
 b - a +0 animal skin (worn)
 g - a +0 hat (worn)
Jewellery
 c - an amulet of guardian spirit
 m - a ring of fire
 r - a ring of poison resistance (left hand)
 t - an amulet of reflection (around neck)
 z - a ring of protection from cold (right hand)
Scrolls
 h - 3 scrolls of teleportation {unknown}
 i - 5 scrolls of poison {unknown}
 j - a scroll of fear {unknown}
 k - a scroll of revelation {unknown}
 l - a scroll of silence {unknown}
 p - a scroll of fog {unknown}
 s - 2 scrolls of identify {unknown}
 w - a scroll of amnesia {unknown}
 x - 2 scrolls of vulnerability {unknown}
 y - a scroll of enchant weapon {unknown}
 A - a scroll of enchant armour {unknown}
 E - a scroll of noise {unknown}
Potions
 d - a potion of degeneration {unknown}
 e - a potion of haste {unknown}
 n - a potion of curing {unknown}
 o - a potion of might {unknown}
 q - 2 potions of brilliance {unknown}
 B - 2 potions of attraction {unknown}
 F - a potion of mutation {unknown}


   Skills:
 - Level 4.0 Fighting
 + Level 6.9 Maces & Flails
 - Level 3.0 Dodging


You had 5 spell levels left.
You didn't know any spells.
Your spell library was empty.

Dungeon Overview and Level Annotations

Branches:
Dungeon (4/15)
 Temple: D:4-7

Altars:
Ashenzari
Fedhas
Hepliaklqana


Innate Abilities, Weirdness & Mutations

You are too large for most types of armour.
You have a pair of small horns on your head.
You have tough skin. (AC +1)
You gain doubled healing and magic from potions.
Whenever you drink a healing potion, you attack all around you.


Message History

You barely miss the ribbon worm.
The ribbon worm is severely wounded.
The hobgoblin barely misses you. The ribbon worm bites you.
The hobgoblin hits you with a +0 war axe!
You barely miss the ribbon worm.
The ribbon worm is severely wounded.
The hobgoblin barely misses you. The ribbon worm bites you.
* * * LOW HITPOINT WARNING * * *
The hobgoblin barely misses you. The ribbon worm bites you.
* * * LOW HITPOINT WARNING * * *
You barely miss the ribbon worm.
The ribbon worm is heavily wounded.
The hobgoblin barely misses you.
The ribbon worm expels a string of sticky webbing.
The stream of webbing misses you.
The hobgoblin hits you with a +0 war axe!
* * * LOW HITPOINT WARNING * * *
You barely miss the ribbon worm.
The ribbon worm is heavily wounded.
The ribbon worm bites you.
* * * LOW HITPOINT WARNING * * *
You block the hobgoblin's attack. The ribbon worm bites you.
* * * LOW HITPOINT WARNING * * *
The hobgoblin hits you with a +0 war axe!
* * * LOW HITPOINT WARNING * * *
You barely miss the ribbon worm.
The ribbon worm is moderately wounded.
The hobgoblin closely misses you.
The ribbon worm expels a string of sticky webbing.
The stream of webbing hits you but does no damage.
You are caught in a web!
The hobgoblin barely misses you.
Unknown command.
The web tears apart.
The ribbon worm misses you.
The hobgoblin hits you with a +0 war axe!
* * * LOW HITPOINT WARNING * * *
You block the ribbon worm's attack.
The hobgoblin attacks as it pursues you!
You block the hobgoblin's attack.
The ribbon worm expels a string of sticky webbing.
The stream of webbing hits you but does no damage.
You are caught in a web!
There is a web here.
You struggle to detach yourself from the web.
The hobgoblin hits you with a +0 war axe.
* * * LOW HITPOINT WARNING * * *
The hobgoblin hits you with a +0 war axe.
* * * LOW HITPOINT WARNING * * *
You struggle to detach yourself from the web.
The hobgoblin hits you with a +0 war axe.
You die...

..)........................
............................
....................).......
##..........................
##...###...................
#..##....................
#........................
#..............w....#.#...
#.............@g....._....
#................)..#.#...
#..<....................
##........................
#..........................
##..#.......................
...###..<...................
.### ######................
##


You could see a ribbon worm (catching breath) and a hobgoblin.

Vanquished Creatures
  An ogre (D:4)
  An orc priest (D:3)
  Ijyb (D:4)
  2 orc wizards (D:3)
  7 adders
  A dart slug (D:2)
  5 orcs
  5 endoplasms
  2 giant cockroaches
  6 hobgoblins
  3 quokkas
  6 ball pythons
  5 bats
  A frilled lizard (D:3)
  7 goblins
  8 kobolds
  4 rats
65 creatures vanquished.

Notes
Turn   | Place    | Note
-------+----------+-------------------------------------------
     0 | D:1      | Sobieck the Oni Berserker began the quest for the Orb.
     0 | D:1      | Reached XP level 1. HP: 24/24 MP: 1/1
   344 | D:1      | Reached XP level 2. HP: 32/32 MP: 2/2
   382 | D:1      | Reached skill level 3 in Dodging
  1218 | D:2      | Reached XP level 3. HP: 29/39 MP: 3/3
  1305 | D:2      | Reached skill level 4 in Maces & Flails
  1352 | D:2      | Found a faded altar of an unknown god.
  1832 | D:2      | Reached XP level 4. HP: 45/48 MP: 4/4
  1987 | D:2      | Reached ** piety under Trog
  2480 | D:3      | Reached skill level 5 in Maces & Flails
  2548 | D:3      | Found a hazy altar of Hepliaklqana.
  2730 | D:3      | Found a broken altar of Ashenzari.
  2856 | D:3      | Reached XP level 5. HP: 54/54 MP: 5/5
  2898 | D:3      | Reached skill level 6 in Maces & Flails
  3354 | D:4      | Noticed an ogre
  3364 | D:4      | Killed an ogre
  3365 | D:4      | Reached XP level 6. HP: 51/62 MP: 6/6
  3650 | D:4      | Found a blossoming altar of Fedhas.
  3657 | D:4      | Noticed Ijyb
  3664 | D:4      | Killed Ijyb
  3685 | D:4      | HP: 2/62 [hobgoblin/+0 war axe (5)]
  3686 | D:4      | Slain by a hobgoblin

Illustrated notes

Levels and vault maps discovered:
D:1:      mrwooster_arrival_statue, layout_basic
D:2:      minmay_skewed_foursquare, layout_loops_ring,
          hellmonk_ecumenical_altar_pennies_from_heaven
D:3:      minmay_chambers_of_twos, layout_basic,
          mainiacjoe_overflow_concentric_impassable, mainiacjoe_overflow_catwalk
D:4:      layout_layer_cave, mainiacjoe_overflow_tiny_flanked,
          lemuel_crystal_altar, minmay_temple_entry_oklob, uniq_ijyb

Skill      XL: |  1  2  3  4  5 |
---------------+----------------+-----
Dodging        | 3 |  3.0
Maces & Flails | 4 5 6 |  6.9
Fighting       | |  4.0

Action                     |  1- 3 |  4- 6 || total
---------------------------+-------+-------++-------
  Melee: Mace              |    73 |    81 ||   154
         Headbutt          |     9 |    11 ||    20
         Punch             |       |     1 ||     1
         Flail             |       |     9 ||     9
         Giant club        |       |    21 ||    21
  Throw: Stone             |       |     3 ||     3
         Dart              |       |     2 ||     2
 Invoke: Berserk           |       |     3 ||     3
 Armour: Animal skin       |    50 |    76 ||   126
  Dodge: Dodged            |    40 |    57 ||    97
  Block: Other             |       |     7 ||     7

Table legend: (Time is in decaauts)
 A = Elapsed time spent in this place.
 B = Non-inter-level travel time spent in this place.
 C = Inter-level travel time spent in this place.
 D = Time resting spent in this place.
 E = Time spent auto-exploring this place.
 F = Levels seen in this place.
 G = Mean time per level.
                   A        B        C        D        E       F      G
               +--------+--------+--------+--------+--------+-----+--------+
         Total |   3738 |   3557 |    181 |    117 |   2933 |   4 |  934.5 |
       Dungeon |   3738 |   3557 |    181 |    117 |   2933 |   4 |  934.5 |
               +--------+--------+--------+--------+--------+-----+--------+

Top non-repeatable levels by time:
     D:3: 1222 daAuts
     D:1: 1119 daAuts
     D:2: 968 daAuts
     D:4: 426 daAuts
